 Dungeon Crawl Stone Soup version 0.18-a0-1808-g3e993bd (webtiles) character file.

354 TheMuscleWizard the Ruffian (level 6, -4/56 HPs)
             Began as a Minotaur Monk on Apr 27, 2016.
             Slain by a gnoll
             ... wielding a +0 spear
              (8 damage)
             ... on level 3 of the Dungeon.
             The game lasted 00:03:51 (2346 turns).

TheMuscleWizard the Ruffian (Minotaur Monk)         Turns: 2346, Time: 00:03:52

Health: -4/56      AC:  3    Str: 18    XL:     6   Next: 35%
Magic:  5/5        EV: 13    Int:  7    God:
Gold:   160        SH:  0    Dex: 12    Spells: 0 memorised, 5 levels left

rFire  . . .     SeeInvis .       - Unarmed
rCold  . . .     Gourm    .     e - +0 leather armour
rNeg   . . .     Faith    .     (no shield)
rPois  .         Spirit   .     (helmet restricted)
rElec  .         Dismiss  .     (no cloak)
rCorr  .         Reflect  .     (no gloves)
SustAt .         Harm     .     (no boots)
MR     .....                    (no amulet)
Stlth  ++........               (no ring)
                                (no ring)

@: lethally poisoned (-4 -> -5), not resistant to hostile enchantments,
unstealthy
A: retaliatory headbutt, horns 2
a: no special abilities


You were on level 3 of the Dungeon.
You were hungry.

You visited 1 branch of the dungeon, and saw 3 of its levels.

You collected 160 gold pieces.

Inventory:

Armour
 a - a +0 robe
 e - a +0 leather armour (worn)
 l - a +0 animal skin
Scrolls
 c - 2 scrolls of remove curse {unknown}
 d - 3 scrolls of identify {unknown}
 f - a scroll of fog {unknown}
 j - a scroll of fear {unknown}
Potions
 g - 3 potions of curing {unknown}
 h - a potion of degeneration {unknown}
 i - a potion of berserk rage {unknown}
 k - a potion of ambrosia {unknown}
 m - 2 potions of lignification {unknown}
 n - a potion of magic {unknown}
 o - a potion of haste {unknown}
Comestibles
 b - 4 bread rations


   Skills:
 + Level 5.0 Fighting
 * Level 3.4 Armour
 + Level 4.4 Dodging
 * Level 3.1 Stealth
 + Level 5.3 Unarmed Combat


You had 5 spell levels left.
You didn't know any spells.

Dungeon Overview and Level Annotations

Branches:
Dungeon (3/15)

Altars:
Elyvilon
Fedhas
Kikubaaqudgha
Nemelex Xobeh


Innate Abilities, Weirdness & Mutations

You reflexively headbutt those who attack you in melee.
You have a pair of horns on your head.


Message History

You headbutt the rat!
You kill the rat!
The gnoll hits you from afar with a spear.
* * * LOW HITPOINT WARNING * * *
Items here: )) †† a whip; a spear; a gnoll corpse x2
The gnoll hits you with a spear.
* * * LOW HITPOINT WARNING * * *
You see here a rat corpse.
You hit the gnoll.
The gnoll is moderately wounded.
The gnoll closely misses you.
You closely miss the gnoll.
The gnoll is moderately wounded.
You feel sick. The gnoll misses you. You furiously retaliate!
You headbutt the gnoll, but do no damage.
You hit the gnoll.
The gnoll is heavily wounded.
The gnoll hits you with a spear!
You die...

.## ... ... ... #.#
#.. #.# #.# #.# #.#
#.# #.#
###.###.#####.###.
#.(..)..))@g......
#(#.....####.##...
#.#####.# #...
#.#.###.####.##.#
#............. #
#.#.###.####.#
#.#.###.# #.#
#.#...#.# #.# # #
#.###.#.####.######
#.. #


You could see a gnoll.

Vanquished Creatures
  Grinder (D:3)
  Ijyb (D:2)
  Robin (D:2)
  4 gnolls
  An adder (D:2)
  An ooze (D:1)
  3 worms
  3 dart slugs
  3 giant geckos
  A giant cockroach (D:2)
  12 goblins
  14 hobgoblins
  5 kobolds
  A quokka (D:2)
  A ball python (D:2)
  3 bats
  2 giant newts
  11 rats
68 creatures vanquished.

Notes
Turn   | Place    | Note
--------------------------------------------------------------
     0 | D:1      | TheMuscleWizard the Minotaur Monk began the quest for the Orb.
     0 | D:1      | Reached XP level 1. HP: 19/19 MP: 0/0
     4 | D:1      | Noticed an electric eel
     4 | D:1      | Noticed an electric eel
    74 | D:1      | Reached XP level 2. HP: 26/27 MP: 1/1
   119 | D:1      | Found a sparkling altar of Nemelex Xobeh.
   572 | D:1      | Reached XP level 3. HP: 21/33 MP: 2/2
  1251 | D:2      | Found an ancient bone altar of Kikubaaqudgha.
  1253 | D:2      | Found a blossoming altar of Fedhas.
  1290 | D:2      | Reached skill level 5 in Unarmed Combat
  1337 | D:2      | Noticed Robin
  1338 | D:2      | Reached XP level 4. HP: 40/40 MP: 3/3
  1359 | D:2      | Killed Robin
  1752 | D:2      | Noticed Ijyb
  1764 | D:2      | Killed Ijyb
  1764 | D:2      | Reached skill level 1 in Armour
  2106 | D:3      | Reached XP level 5. HP: 44/47 MP: 4/4
  2133 | D:3      | Found a white marble altar of Elyvilon.
  2144 | D:3      | Noticed Grinder
  2156 | D:3      | Killed Grinder
  2156 | D:3      | Reached XP level 6. HP: 39/55 MP: 5/5
  2337 | D:3      | Reached skill level 5 in Fighting
  2346 | D:3      | Slain by a gnoll

Vault maps used:
D:1:      arrival_aquarium_b, corexii_item_surrounded_by_moat,
          nemelex_altar_shiori
D:2:      grunt_temple_overflow_growth_and_decay, first_bread, uniq_robin,
          uniq_iyjb
D:3:      elyvilon_altar_4, grunt_ministairs_13, uniq_grinder

Skill      XL: |  1  2  3  4  5  6 |
---------------+-------------------+-----
Fighting       | 4 5 |  5.0
Stealth        | 2 3 |  3.1
Unarmed Combat | 5 |  5.3
Armour         | 1 3 |  3.4
Dodging        | 4 |  4.4

Action                   |  1- 3 |  4- 6 || total
-------------------------+-------+-------++-------
Melee: Unarmed           |    70 |   105 ||   175
       Headbutt          |    10 |    24 ||    34
       Punch             |       |     2 ||     2
 Stab: Sleeping          |     4 |       ||     4
  Eat: Chunk             |       |     4 ||     4
Armor: Leather armour    |     1 |    13 ||    14
Dodge: Dodged            |    34 |    52 ||    86
